AoeStats
← 文風

MegaRandom

506498610Analyzed
2v2 RM · 19d ago on Sep 13, 2026· 31m 44s· 4 players
Game mode
Random Map
Map size
Medium (4 player)
Population
200
Speed
Normal
Resources
Standard
Victory
Conquest
Starting age
Dark Age
Ending age
Imperial Age
RankedLock teamsTeams togetherTeam positionsShared explorationLock speedFull tech treeHidden civsTurbo modeCheats
Victory
Defeat
🇭🇰 Wei · Hong Kong SAR China
1378
+19
🇺🇸 Tatars · United States
1336
+20
🇩🇪 Vietnamese · Germany
1458
-20
🇦🇷 Magyars · Argentina
1427
-19
AkiLLes
3:10 Loom
11:19 Feudal Age
16:34 Castle Age
15:48 Scale Barding Armor
15:52 Double-Bit Axe
16:42 Bloodlines
17:20 Husbandry
24:59 Chain Barding Armor
stroemming14
3:02 Loom
12:27 Feudal Age
16:45 Castle Age
14:44 Horse Collar
16:20 Fletching
16:17 Double-Bit Axe
18:26 Heavy Plow
18:37 Bow Saw
22:38 Elite Skirmisher
28:57 Padded Archer Armor
31:46 Bodkin Arrow
Seneca
4:49 Loom
13:30 Feudal Age
17:27 Castle Age
16:33 Fletching
16:34 Double-Bit Axe
18:17 Bodkin Arrow
19:32 Ballistics
25:15 Wheelbarrow
26:49 Padded Archer Armor
30:19 Town Watch
文風
13:23 Feudal Age
15:14 Double-Bit Axe
16:39 Fishing Lines
20:30 Castle Age
18:28 Gold Mining
23:35 Gold Shaft Mining
23:14 Bow Saw
25:28 Fletching
28:06 Bodkin Arrow
Connection lost

Rejoining the realm…

Still unreachable

The connection could not be restored.

Session expired

The server has moved on; the page needs a fresh start.